 Dungeon Crawl Stone Soup version 0.19.5 (webtiles) character file.

98 equalderp2856 the Skirmisher (level 4, -7/35 HPs)
             Began as a Mummy Fighter on Mar 30, 2017.
             Killed by divine providence
             ... invoked by an orc priest
              (11 damage)
             ... on level 3 of the Dungeon.
             The game lasted 00:02:46 (2144 turns).

equalderp2856 the Skirmisher (Mummy Fighter)        Turns: 2144, Time: 00:02:47

Health: -7/35      AC:  6    Str: 20    XL:     4   Next: 43%
Magic:  4/4        EV:  7    Int:  7    God:
Gold:   155        SH:  9    Dex: 11    Spells: 0 memorised, 3 levels left

rFire  x . .     SeeInvis .     a - +0 long sword
rCold  + . .     Gourm    .     b - +0 scale mail
rNeg   + + +     Faith    .     c - +0 shield
rPois  ∞         Spirit   .     (no helmet)
rElec  .         Reflect  .     (no cloak)
rCorr  .         Harm     .     (no gloves)
MR     .....                    (no boots)
Stlth  ..........               (no amulet)
                                (no ring)
                                (no ring)

@: no status effects
A: no food or potions, fire vulnerability, cold resistance 1, negative energy
resistance 3, torment resistance, unbreathing
a: no special abilities


You were on level 3 of the Dungeon.
You were not hungry.

You visited 1 branch of the dungeon, and saw 3 of its levels.

You collected 155 gold pieces.

Inventory:

Hand Weapons
 a - a +0 long sword (weapon)
Missiles
 j - 19 arrows
Armour
 b - a +0 scale mail (worn)
 c - a +0 shield (worn)
 l - a +0 buckler
Jewellery
 h - an uncursed amulet of the gourmand {unknown}
 i - a +2 ring of strength {unknown}
Wands
 k - a wand of acid (6/15)
Scrolls
 d - a scroll of identify {unknown}
 e - a scroll of blinking {unknown}
 f - a scroll of enchant weapon {unknown}
 g - a scroll of teleportation {unknown}
 m - a scroll of remove curse {unknown}
 n - a scroll of amnesia {unknown}


   Skills:
 + Level 3.3 Fighting
 + Level 2.6 Long Blades
 + Level 2.8 Armour
 + Level 0.4 Dodging
 + Level 0.1 Stealth
 + Level 3.0 Shields


You had 3 spell levels left.
You didn't know any spells.

Dungeon Overview and Level Annotations

Branches:
Dungeon (3/15)

Altars:
Dithmenos
Fedhas
Okawaru
Sif Muna


Innate Abilities, Weirdness & Mutations

You do not eat or drink.
Your flesh is vulnerable to fire.
You are immune to poison.
Your flesh is cold resistant. (rC+)
You are immune to negative energy. (rN+++)
You are immune to unholy pain and torment.
You can survive without breathing.


Message History

There are monsters nearby!
You closely miss the orc.
The orc is almost dead.
The orc hits you but does no damage.
You hit the orc but do no damage.
The orc is severely wounded.
The orc priest mumbles some strange prayers to Beogh against you.
Beogh smites you!
* * * LOW HITPOINT WARNING * * *
The orc hits you with a club.
* * * LOW HITPOINT WARNING * * *
Unknown command.
There is an open door here.
Unknown command.
You open the door. The orc hits you with a war axe.
* * * LOW HITPOINT WARNING * * *
There is an open door here.
The orc priest mumbles some strange prayers to Beogh against you.
Beogh smites you!
You die...

........# ##.......## ##.#†....
####....####.........####o...#...
.).(.......+.........o..o.......?
.###(...####.......Z.####....####
.###.#..# ##......o## ##.#.#
.##..##.# ##....o## ###..#
.#...##.# ##...## #.# .##.###.#
##o## .# ........# #@# .#
.#####..# #.# .# #..##### ##.##
#....>.###...## ###
#.####.##.....#..... #.#
#............# ..# ######.###.#.#
#### #.# # #.#


You could see an orc priest, 3 orcs and a howler monkey skeleton.

Vanquished Creatures
  4 adders
  An ooze (D:2)
  A worm (D:3)
  4 dart slugs
  4 leopard geckos
  An orc (D:3)
  A ball python (D:1)
  3 giant cockroaches
  2 hobgoblins
  3 bats
  A frilled lizard (D:3)
  8 goblins
  7 kobolds
  3 rats
43 creatures vanquished.

Notes
Turn   | Place    | Note
-------+----------+-------------------------------------------
     0 | D:1      | equalderp2856 the Mummy Fighter began the quest for the Orb.
     0 | D:1      | Reached XP level 1. HP: 18/18 MP: 1/1
   348 | D:1      | Reached XP level 2. HP: 22/24 MP: 2/2
   845 | D:1      | Found an iron altar of Okawaru.
  1167 | D:2      | Reached XP level 3. HP: 29/29 MP: 3/3
  1202 | D:2      | Found a blossoming altar of Fedhas.
  1471 | D:2      | Found a deep blue altar of Sif Muna.
  1961 | D:3      | Reached XP level 4. HP: 25/35 MP: 4/4
  2011 | D:3      | Found a shadowy altar of Dithmenos.
  2123 | D:3      | Found a faded altar of an unknown god.
  2144 | D:3      | Killed from afar by an orc priest

Skill      XL: |  1  2  3 |
---------------+----------+-----
Long Blades    | 2 |  2.6
Shields        | 3 |  3.0
Fighting       | |  3.3
Armour         | |  2.8
Dodging        | |  0.4
Stealth        | |  0.1

Action                   |  1- 3 |  4- 6 || total
-------------------------+-------+-------++-------
Melee: Long sword        |   137 |    27 ||   164
Armor: Scale mail        |    55 |    12 ||    67
Dodge: Dodged            |    60 |     7 ||    67
Block: Shield            |    72 |    13 ||    85
       Rpst.: Long sword |    18 |     2 ||    20
